Map: Echo LE

Players

Neuro - Winner!

  • Race: Zerg Zerg
  • Spawn Location: 11:00

Kantuva

  • Race: Zerg Zerg
  • Spawn Location: 5:00

VOD

Have the link to the VOD?

Description

Time

  • Played on: April 1, 2015, 7:09 p.m.
  • Length: 6:43
Show
View Real Time Build Order
Export as new Build Order

Neuro Zerg - Winner!

Build Orders: Hatch First 

Get SALT Encoding   

  12  0:01  Drone  
  13  0:09  Drone  
  14  0:19  Overlord  
  14  0:26  Drone, Extractor  
  15  0:37  Drone x2  
  17  0:52  Hatchery  
  17  0:56  Drone  
  17  1:09  Spawning Pool  
  16  1:12  Drone  
  16  1:16  Drone  
  18  1:21  Drone  
  19  1:30  Drone  
  20  1:44  Overlord  
  20  1:51  Drone  
  21  2:00  Drone  
  22  2:02  Queen  
  22  2:03  Queen  
  22  2:04  Drone  
  27  2:10  Drone  
  28  2:17  Drone  
  29  2:23  Drone  
  29  2:28  Zergling x2  
  31  2:33  Drone, Extractor x2  
  30  2:37  Overlord  
  30  2:38  Queen  
  30  2:39  Queen  
  34  2:57  Drone x3  
  37  3:10  Drone  
  37  3:11  Drone x5  
  43  3:16  Roach Warren  
  43  3:17  Evolution Chamber  
  41  3:20  Overlord  
  41  3:21  Evolution Chamber  
  41  3:22  Overlord  
  40  3:36  Drone x3  
  40  3:38  Spine Crawler  
  41  3:50  Lair  
  41  3:54  Queen  
  43  3:55  Drone  
  43  3:56  Drone x3  
  43  3:59  Extractor  
  46  4:03  Drone x2  
  46  4:04  Drone  
  46  4:05  Drone  
  46  4:09  Zerg Missile Weapons Level 1  
  51  4:20  Overlord x3  
  51  4:27  Zerg Ground Armor Level 1  
  51  4:47  Glial Reconstitution  
  51  4:49  Roach x7  
  65  4:54  Overseer  
  65  5:06  Roach x3  
  71  5:24  Roach x6  
  83  5:34  Overlord x2  
  83  5:35  Overlord  
  83  5:42  Overlord  
  83  5:43  Overlord x2  
  83  6:02  Drone x2  
  85  6:05  Roach  
  85  6:06  Roach x3  
  85  6:09  Hatchery, Extractor  
  91  6:17  Roach x4  
Show
View Real Time Build Order
Export as new Build Order

Kantuva Zerg 

Build Orders: Pool First 

Get SALT Encoding   

  12  0:01  Drone  
  13  0:12  Overlord  
  13  0:23  Drone  
  14  0:32  Drone  
  14  0:33  Drone  
  16  0:41  Drone  
  17  0:47  Extractor, Spawning Pool  
  15  0:52  Drone  
  15  0:57  Drone  
  17  1:19  Hatchery  
  17  1:20  Drone  
  17  1:25  Drone  
  18  1:34  Queen  
  20  1:43  Overlord  
  20  1:51  Metabolic Boost  
  20  1:57  Zergling x2  
  20  2:00  Drone  
  22  2:10  Queen  
  24  2:18  Drone x2  
  26  2:27  Overlord  
  26  2:36  Drone x2  
  28  2:55  Drone x4  
  28  2:56  Drone x2  
  33  3:07  Baneling Nest  
  33  3:11  Zergling x4  
  33  3:12  Zergling x2  
  35  3:19  Zergling x2  
  37  3:20  Zergling x2  
  37  3:32  Drone x4  
  37  3:33  Drone x3  
  44  3:48  Hatchery  
  44  3:49  Drone  
  44  3:54  Overlord  
  44  4:02  Drone  
  44  4:03  Lair  
  44  4:06  Extractor  
  44  4:09  Queen  
  43  4:10  Extractor x2  
  43  4:13  Overlord  
  43  4:16  Zergling x2  
  47  4:17  Zergling x10  
  47  4:23  Overlord  
  49  4:28  Drone  
  49  4:29  Drone x2  
  52  4:32  Drone  
  53  4:39  Overlord  
  53  4:45  Queen  
  56  4:52  Drone  
  56  4:53  Drone x7  
  63  5:05  Spire  
  62  5:18  Drone x6  
  62  5:19  Drone  
  68  5:38  Zergling x2  
  68  5:39  Zergling x18  
  69  5:50  Evolution Chamber  
  69  5:51  Roach Warren  
  69  5:52  Evolution Chamber  
  66  5:57  Spine Crawler x3  
  66  5:59  Overlord  
  63  6:07  Overlord x2  
  62  6:17  Zergling x26  
  62  6:18  Zergling x2  
Tags
 
Matchup
ZvZ
Player
Neuro
Race
Zerg
Spawn Locations
Cross Positions
Add a new tag
Caveats
  • Supply blocks, unpowered buildings, or Contaminate may cause inaccurate times.
  • Supply counts are checked every 10 seconds.